AoeStats
← ME_DEPRIME_JUGAR_CON_USTEDES

Arena

506528767Analyzed
3v3 RM · 18d ago on Sep 13, 2026· 26m 45s· 6 players
Game mode
Random Map
Map size
Normal (6 player)
Population
200
Speed
Normal
Resources
Standard
Victory
Conquest
Starting age
Dark Age
Ending age
Imperial Age
RankedLock teamsTeams togetherTeam positionsShared explorationLock speedFull tech treeHidden civsTurbo modeCheats
Victory
Defeat
🇮🇹 Tupi · Italy
2074
+1
🇩🇪 Byzantines · Germany
2062
+1
🇮🇹 Armenians · Italy
1850
+4
1563
-2
🇦🇷 Aztecs · Argentina
1486
-2
🇦🇷 Romans · Argentina
1485
-2
RoR | Smokealot
10:41 Feudal Age
11:13 Loom
15:46 Castle Age
14:38 Double-Bit Axe
14:34 Horse Collar
16:32 Gold Mining
16:53 Bow Saw
20:16 Redemption
20:51 Sanctity
20:50 Fervor
27:39 Wheelbarrow
OS | 展毅
10:56 Feudal Age
14:40 Castle Age
12:57 Double-Bit Axe
13:45 Horse Collar
16:08 Bow Saw
15:47 Loom
16:14 Fletching
19:03 Bodkin Arrow
24:36 Town Watch
OS+ | VoNDutcH
9:58 Feudal Age
13:40 Castle Age
12:02 Double-Bit Axe
12:41 Horse Collar
18:55 Fervor
20:23 Heavy Plow
20:41 Bow Saw
22:43 Wheelbarrow
24:22 Hand Cart
24:33 Gold Mining
24:34 Stone Mining
29:44 Imperial Age
ds_manu2
6:08 Loom
8:40 Feudal Age
11:39 Fletching
22:35 Castle Age
23:59 Guard Tower
JLoops
10:37 Feudal Age
13:05 Feudal Age
16:33 Castle Age
14:36 Double-Bit Axe
14:32 Horse Collar
17:45 Bow Saw
17:36 Heavy Plow
22:59 Wheelbarrow
24:14 Town Watch
25:20 Hand Cart
25:35 Loom
29:43 Imperial Age
ME_DEPRIME_JUGAR_CON_USTEDES
10:24 Feudal Age
14:16 Castle Age
12:33 Double-Bit Axe
12:56 Horse Collar
18:34 Loom
20:47 Fletching
27:27 Wheelbarrow
Connection lost

Rejoining the realm…

Still unreachable

The connection could not be restored.

Session expired

The server has moved on; the page needs a fresh start.